 Dungeon Crawl Stone Soup version 0.30-a0-222-ge547ba4400 (webtiles) character file.

Game seed: 15039329562557526370

1388 Gwenloh the Magician (level 8, -2/52 HPs)
             Began as a Mummy Conjurer on Sept 14, 2022.
             Was a Follower of Vehumet.
             Slain by Duvessa
             ... wielding a +1 short sword of speed
              (13 damage)
             ... on level 6 of the Dungeon on Oct 8, 2022.
             The game lasted 00:26:27 (7298 turns).

Gwenloh the Magician (Mummy Conjurer)               Turns: 7298, Time: 00:26:28

Health: -2/52      AC:  6    Str: 11    XL:     8   Next: 40%
Magic:  4/17       EV: 13    Int: 21    God:    Vehumet [*.....]
Gold:   257        SH:  0    Dex: 10    Spells: 9/19 levels left

rFire   . . .      SeeInvis .    q - +1 broad axe of Cheibriados, Nurturing {elec, rF+ Int+2}
rCold   + . .      Faith    +    (no shield)
rNeg    + + +      Spirit   .    o - +1 robe {rN+}
rPois   ∞          Reflect  .    (no helmet)
rElec   .          Harm     .    p - +2 cloak
rCorr   .          Rampage  .    (no gloves)
Will    +....                    (no boots)
Stlth   ++........               (no amulet)
HPRegen 0.28/turn                (no ring)
MPRegen 0.15/turn                (no ring)

@: no status effects
A: cold resistance 1, negative energy resistance 3, torment resistance 2, heat
vulnerability 1, in touch with death 1, no potions, faith
a: Renounce Religion


You were on level 6 of the Dungeon.
You worshipped Vehumet.
Vehumet was aware of your devotion.
You visited 2 branches of the dungeon, and saw 7 of its levels.

You collected 257 gold pieces.

Inventory:

Hand Weapons
 f - a +0 dagger
 n - a +0 lajatang
 q - the +1 broad axe of Cheibriados, Nurturing (weapon) {elec, rF+ Int+2}
   (You found it on level 5 of the Dungeon)

   It occasionally discharges a powerful burst of electricity upon striking a
   foe.
   Int:       It affects your intelligence (+2).
   rF:        It protects you from fire.
Armour
 o - a +1 robe of positive energy (worn)
 p - a +2 cloak (worn)
 s - a +2 kite shield
Wands
 c - a wand of flame (16)
 j - a wand of polymorph (10)
 t - a wand of roots (11)
Scrolls
 a - a scroll of enchant armour
 b - a scroll of amnesia
 d - 3 scrolls of fear
 e - a scroll of noise
 g - a scroll of brand weapon {unknown}
 h - 2 scrolls of enchant weapon
 i - a scroll of summoning {unknown}
 k - a scroll of magic mapping {unknown}
 l - 2 scrolls of vulnerability {unknown}
 m - 2 scrolls of immolation {unknown}
 r - 2 scrolls of identify


   Skills:
 + Level 4.2 Dodging
 + Level 4.5 Stealth
 + Level 6.2 Spellcasting
 + Level 5.1 Conjurations
 + Level 3.6 Hexes


You had 9 spell levels left.
You knew the following spells:

 Your Spells              Type           Power      Damage    Failure   Level
a - Magic Dart            Conj           100%       1d8       1%          1
b - Searing Ray           Conj           54%        2d6       1%          2
c - Dazzling Flash        Conj/Hex       48%        N/A       4%          3
d - Fulminant Prism       Conj/Hex       12%        3d9       16%         4

Your spell library contained the following spells:

 Spells                   Type           Power      Damage    Failure   Level
 Freeze                   Ice            24%        1d5       10%         1
 Ensorcelled Hibernation  Hex/Ice        28%        N/A       7%          2
 Apportation              Tloc           12%        N/A       10%         1
 Necrotise                Necr           36%        1d5       10%         1
 Summon Small Mammal      Summ           24%        N/A       10%         1
 Passwall                 Tmut/Erth      5%         N/A       14%         2
 Gell's Gravitas          Tloc           6%         N/A       28%         3
 Lesser Beckoning         Tloc           12%        N/A       28%         3
 Swiftness                Air            6%         N/A       28%         3
 Teleport Other           Tloc           6%         N/A       28%         3
 Iskenderun's Mystic Bla  Conj/Tloc      17%        2d5       32%         4
 Silence                  Hex/Air        7%         N/A       77%         5
 Agony                    Necr           9%         N/A       95%         5
 Dispersal                Tloc           3%         N/A       100%        6


Dungeon Overview and Level Annotations

Branches:
Dungeon (6/15)             Temple (1/1) D:4

Altars:
Ashenzari
Dithmenos
Fedhas
Gozag
Hepliaklqana
Kikubaaqudgha
Makhleb
Nemelex Xobeh
Okawaru
Qazlal
Ru
Sif Muna
Uskayaw
Vehumet
Wu Jian
Xom
Yredelemnul

Shops:
D:1 :   D:6 :

Annotations:
D:6 Duvessa


Innate Abilities, Weirdness & Mutations

You are immune to poison.
Your flesh is cold resistant. (rC+)
You are immune to negative energy. (rN+++)
You are immune to unholy pain and torment.
You are vulnerable to heat. (rF-)
You are in touch with the powers of death.
You do not drink.
You have a special connection with the divine. (Faith)


Message History

The searing ray hits Duvessa.
Duvessa is lightly wounded.
Duvessa barely misses you. x2
Your fulminant prism explodes!
The blast of energy engulfs Duvessa!
Duvessa is moderately wounded.
Duvessa hits you with a +1 short sword of speed.
You hear a shout!
The searing ray hits Duvessa.
Duvessa is moderately wounded.
Duvessa hits you with a +1 short sword of speed. x2
The searing ray hits Duvessa.
Duvessa is moderately wounded.
You finish channelling your searing ray.
Duvessa hits you with a +1 short sword of speed! x2
Casting: Searing Ray (safe; 1% risk of failure)
Confirm with . or Enter, or press ? or * to list all spells.
Aiming: Searing Ray (safe; 1% risk of failure)
Press: ? - help, Shift-Dir - straight line, f/p - Duvessa
Aim: Duvessa, wielding a +1 short sword of speed and wearing a +0 ring mail (moderately wounded, berserk, 85% to hit)
The searing ray hits Duvessa.
Duvessa is heavily wounded. (Press . to maintain the ray.) Duvessa hits you with a +1 short sword of speed.
Duvessa barely misses you.
The searing ray hits Duvessa.
Duvessa is heavily wounded.
Duvessa hits you with a +1 short sword of speed.
Duvessa completely misses you.
Duvessa hits you with a +1 short sword of speed!
The searing ray hits Duvessa!
Duvessa is severely wounded.
Duvessa hits you with a +1 short sword of speed!
* * * LOW HITPOINT WARNING * * *
Duvessa closely misses you.
The searing ray hits Duvessa.
Duvessa is severely wounded.
You finish channelling your searing ray.
Duvessa hits you with a +1 short sword of speed!
You die...

..'..#....# ..#..#....#
#....# .##'##....#
#....# ##........#
#....# ..........#
#....# ..........#
#....####.
..!.......#####.........
......######............
####### #.....@e......
#.....# #......##.....
#.....# #...#..##.....
##'#### #....##......#
......#####....##......
.............##..##....
......####...##..##....
......###..............
......##.....##........


You could see Duvessa (berserk).

Vanquished Creatures
  Edmund (D:5)
  An ice beast (D:5)
  2 centaurs
  A phantom (D:4)
  2 scorpions
  A necrophage (D:4)
  Dowan (D:6)
  3 jellies
  4 hounds
  2 orc priests
  4 iguanas
  4 orc wizards (D:6)
  4 gnolls (D:2)
  7 adders
  A white imp (D:6)
  4 worms
  2 dart slugs
  18 orcs
  5 bats
  14 endoplasms
  4 giant cockroaches
  7 goblins
  12 hobgoblins
  2 jackals (D:3)
  6 kobolds
  6 quokkas
  8 ball pythons
  6 frilled lizards
  5 rats
137 creatures vanquished.

Vanquished Creatures (others)
  9 fulminant prisms
9 creatures vanquished.

Grand Total: 146 creatures vanquished

Notes
Turn   | Place    | Note
-------+----------+-------------------------------------------
     0 | D:1      | Gwenloh the Mummy Conjurer began the quest for the Orb.
     0 | D:1      | Reached XP level 1. HP: 13/13 MP: 4/4
   468 | D:1      | Reached XP level 2. HP: 19/19 MP: 3/5
   546 | D:1      | Reached skill level 3 in Spellcasting
   601 | D:1      | Learned a level 2 spell: Searing Ray
  1071 | D:1      | Gained mutation: You are in touch with the powers of death.
                  | [Mummy growth]
  1071 | D:1      | Reached XP level 3. HP: 24/24 MP: 3/7
  1111 | D:1      | Found Unlaorph's Book Emporium.
  1995 | D:2      | Reached XP level 4. HP: 27/30 MP: 2/9
  1999 | D:2      | Learned a level 3 spell: Dazzling Flash
  2160 | D:2      | Found a faded altar of an unknown god.
  2826 | D:3      | Found a hazy altar of Hepliaklqana.
  2827 | D:3      | Upgraded the game from 0.30-a0-121-gb27577e5d9 to
                  | 0.30-a0-122-g2a1322497e
  3350 | D:3      | Reached XP level 5. HP: 35/35 MP: 3/10
  3417 | D:3      | Learned a level 4 spell: Fulminant Prism
  3524 | D:3      | Found a shadowy altar of Dithmenos.
  3524 | D:3      | Found a faded altar of an unknown god.
  3532 | D:3      | Found a faded altar of an unknown god.
  3534 | D:3      | Found a sacrificial altar of Ru.
  3536 | D:3      | Found a sparkling altar of Nemelex Xobeh.
  4012 | D:4      | Noticed a phantom
  4013 | D:4      | Reached skill level 1 in Hexes
  4302 | D:4      | Reached skill level 4 in Spellcasting
  4424 | D:4      | Killed a phantom
  4425 | D:4      | Reached XP level 6. HP: 29/41 MP: 0/12
  4637 | D:4      | Found a staircase to the Ecumenical Temple.
  4646 | Temple   | Entered the Ecumenical Temple
  4762 | Temple   | Upgraded the game from 0.30-a0-122-g2a1322497e to
                  | 0.30-a0-170-g85af917532
  4762 | Temple   | Upgraded the game from 0.30-a0-170-g85af917532 to
                  | 0.30-a0-222-ge547ba4400
  4765 | Temple   | Became a worshipper of Vehumet
  5368 | D:5      | Entered Level 5 of the Dungeon
  5488 | D:5      | Reached XP level 7. HP: 23/46 MP: 2/14
  5850 | D:5      | Reached skill level 5 in Spellcasting
  5927 | D:5      | Noticed Edmund
  6112 | D:5      | Identified the +1 broad axe of Cheibriados, Nurturing
                  | {elec, rF+ Int+2}
  6190 | D:5      | Reached * piety under Vehumet
  6190 | D:5      | Offered knowledge of Freeze by Vehumet.
  6354 | D:5      | Killed Edmund
  6524 | D:6      | Found Ugeysolig's Vocational Training.
  6640 | D:6      | Reached XP level 8. HP: 51/52 MP: 6/16
  6861 | D:6      | Reached skill level 5 in Conjurations
  6872 | D:6      | Reached skill level 6 in Spellcasting
  7203 | D:6      | Noticed Duvessa
  7222 | D:6      | Noticed Dowan
  7232 | D:6      | Killed Dowan
  7298 | D:6      | Slain by Duvessa

Illustrated notes

Levels and vault maps discovered:
D:1:      lightli_molten_gateway, layout_rooms, serial_shops,
          nicolae_shop_advertising_works [nicolae_subvault_shop_adworks],
          serial_park_tiny_pond
D:2:      layout_basic, shapermc_ecumenical_altar_petra, corexii_corridor_pit,
          minmay_tall_x
D:3:      layout_loops_ring, mainiacjoe_overflow_paths,
          chequers_temple_overflow_minitemple, palyth_stone_intersect,
          serial_bayou_lake_a
D:4:      layout_loops_ring, minmay_temple_entry_waves, sigmund_army
D:5:      nicolae_BIG_FREAKIN_CUBE, layout_rooms, uniq_edmund
D:6:      layout_gridville, hangedman_decor_growths, grunt_ministairs_14,
          nicolae_shop_vocational, uniq_duvessa, uniq_crazy_yiuf_cottage
Temple:   regret_index_temple_sphere_string

Skill      XL: |  1  2  3  4  5  6  7  8 |
---------------+-------------------------+-----
Spellcasting   | 3 4 5 6 |  6.2
Stealth        | 2 3 4 |  4.5
Dodging        | 2 3 4 |  4.2
Hexes          | 1 2 3 |  3.6
Conjurations   | 4 5 |  5.1

Action                   |  1- 3 |  4- 6 |  7- 9 || total
-------------------------+-------+-------+-------++-------
Melee: Unarmed           |    11 |       |       ||    11
       Dagger            |    13 |     1 |       ||    14
       Lajatang          |       |    22 |       ||    22
       Broad axe         |       |       |    18 ||    18
 Cast: Magic Dart        |    85 |    75 |    52 ||   212
       Searing Ray       |     2 |    25 |    20 ||    47
       Fulminant Prism   |       |     2 |     7 ||     9
Evoke: Wand              |       |     1 |       ||     1
  Use: Scroll            |     1 |     6 |       ||     7
Armor: Robe              |    10 |    27 |    23 ||    60
Dodge: Dodged            |    42 |    54 |    46 ||   142

Table legend: (Time is in decaauts)
 A = Elapsed time spent in this place.
 B = Non-inter-level travel time spent in this place.
 C = Inter-level travel time spent in this place.
 D = Time resting spent in this place.
 E = Time spent auto-exploring this place.
 F = Levels seen in this place.
 G = Mean time per level.
                   A        B        C        D        E       F      G
               +--------+--------+--------+--------+--------+-----+--------+
         Total |   7337 |   7186 |    151 |    770 |   5324 |   7 | 1048.1 |
       Dungeon |   7190 |   7066 |    124 |    770 |   5229 |   6 | 1198.3 |
        Temple |    147 |    120 |     27 |      0 |     95 |   1 |  147.0 |
               +--------+--------+--------+--------+--------+-----+--------+

Top non-repeatable levels by time:
     D:4: 1681 daAuts
     D:1: 1521 daAuts
     D:2: 1238 daAuts
     D:3: 958 daAuts
     D:5: 950 daAuts
     D:6: 841 daAuts
  Temple: 147 daAuts
